 Dungeon Crawl Stone Soup version 0.30.0-19-g36f170ea60 (webtiles) character file.

Game seed: 15771332924556713854

427 Senryu the Chiller (level 6, -17/27 HPs)
             Began as a Felid Ice Elementalist on May 26, 2023.
             Was a Priest of Qazlal.
             Killed from afar by Ijyb (25 damage)
             ... with a bolt of acid
             ... on level 5 of the Dungeon on May 27, 2023.
             The game lasted 00:21:45 (5398 turns).

Senryu the Chiller (Felid Ice Elementalist)         Turns: 5398, Time: 00:21:46

Health: -17/27     AC: -6    Str:  6    XL:     6   Next: 65%
Magic:  10/14      EV: 18    Int: 17    God:    Qazlal [***...]
Gold:   236        SH:  3    Dex: 16    Spells: 7/14 levels left
                                        Lives:  0   Deaths: 2

rFire   . .          .
                       - Unarmed
rCold   . . .        (shield unavailable)
rNeg    . . .        (body armour unavailable)
rPois   .            (helmet unavailable)
rElec   .            (cloak unavailable)
rCorr   .            (gloves unavailable)
SInv    +            (boots unavailable)
Will    .....        (no amulet)
Stlth   ++           (no ring)
HPRegen 0.24/turn    (no ring)
MPRegen 0.14/turn

%: no passive effects
@: corroded, freezing walls, quick
A: very small, claws 1, fangs 3, see invisible, speed 1, shaggy fur 2, stealthy
paws, no weapons or thrown items, no armour, multi-lived
a: Renounce Religion, Upheaval, Elemental Force


You were on level 5 of the Dungeon.
You worshipped Qazlal.
Qazlal was most pleased with you.
You visited 1 branch of the dungeon, and saw 5 of its levels.

You collected 258 gold pieces.
You spent 22 gold pieces at shops.

Inventory:

Jewellery
 k - a ring of positive energy
Scrolls
 b - a scroll of torment
 e - a scroll of vulnerability
 f - 3 scrolls of fear {unknown}
 h - 3 scrolls of enchant armour
 i - 2 scrolls of poison
 l - 2 scrolls of immolation {unknown}
Potions
 n - 2 potions of degeneration


   Skills:
 * Level 2.4 Fighting
 * Level 4.2 Dodging
 * Level 4.6 Stealth
 * Level 2.2 Unarmed Combat
 * Level 4.7 Spellcasting
 * Level 3.2 Hexes
 * Level 5.4 Ice Magic
 * Level 2.1 Invocations


You had 7 spell levels left.
You knew the following spells:

 Your Spells              Type           Power      Damage    Failure   Level
a - Freeze                Ice            88%        1d9       1%          1
b - Tukima's Dance        Hex            15%        N/A       12%         3
c - Frozen Ramparts       Ice            44%        1d7       4%          3

Your spell library contained the following spells:

 Spells                   Type           Power      Damage    Failure   Level
 Ozocubu's Armour         Ice            22%        N/A       4%          3
 Summon Ice Beast         Ice/Summ       13%        N/A       43%         4
 Blade Hands              Tmut           2%         N/A       99%         5
 Portal Projectile        Hex/Tloc       Unusable   N/A       N/A         3

Dungeon Overview and Level Annotations

Branches:
Dungeon (5/15)             Temple (0/1) D:5

Altars:
Dithmenos
Fedhas
Kikubaaqudgha
Qazlal
Sif Muna

Shops:
D:1 ?   D:5 :

Annotations:
D:5 Ijyb


Innate Abilities, Weirdness & Mutations

You have sharp claws.
You have razor-sharp teeth.
You have supernaturally acute eyesight. (SInv)
You cover ground quickly. (Speed+)
You are covered in thick fur. (AC +2)
Your paws help you pounce on unaware monsters.
You are incapable of wielding weapons or throwing items.
You cannot wear armour.
You gain extra lives every three experience levels.


Message History

Press: ? - help, Q - select action, (/) - cycle Shift-Dir - straight line, f - Eustachio
Aim: Eustachio, wielding a +0 rapier and wearing a +3 leather armour of cold resistance (severely wounded)
You freeze Eustachio.
Eustachio resists.
Eustachio is severely wounded.
Eustachio is engulfed in blazing flames.
You kill Eustachio!
Qazlal accepts your kill.
The frozen ramparts melt away as you move.
Things that are here:
a +0 rapier; a +3 leather armour of cold resistance; the human corpse of Eustachio
Things that are here:
a +0 spear; 3 stones
There is a staircase to the Ecumenical Temple here.
Things that are here:
a +0 spear; 3 stones You hear a shout!
Ijyb the Twisted Goblin comes into view.
She is wielding a +0 dagger and carrying a wand of acid (13).
Ijyb zaps a wand.
The bolt of acid hits you! The acid corrodes you!
Casting: Freeze (safe; 1% risk of failure)
Confirm with . or Enter, or press ? or * to list all spells.
The spell is quite dangerous to miscast (4% risk of failure)!
Continue anyway?
Casting: Frozen Ramparts (quite dangerous; 4% risk of failure)
Press: ? - help, Dir - look around, f - activate The walls around you are covered in ice.
The wall freezes Ijyb.
Ijyb zaps a wand.
The bolt of acid hits you!
Ouch! That really hurt!
* * * LOW HITPOINT WARNING * * *
The acid corrodes you!
It was a potion of curing.
You feel better.
The wall freezes Ijyb.
Ijyb zaps a wand.
The bolt of acid misses you.
Aiming: Freeze (safe; 1% risk of failure)
Press: ? - help, Q - select action, (/) - cycle Shift-Dir - straight line, f - Ijyb
Aim: Ijyb, wielding a +0 dagger, wearing a +0 leather armour and carrying a wand of acid (10) (moderately wounded)
You freeze Ijyb.
Ijyb is heavily wounded.
The wall freezes Ijyb.
Ijyb grins evilly.
Ijyb zaps a wand.
The bolt of acid hits you!!
Ouch! That really hurt!
You die...

.#......########.#
#.####)# .#.###### # #.#
#.# #<# .#.# . #.# #.#
#.# ##.# #####.#.#####
#.# #.# ...#
......#.....#####.# #.#
#### . ....#####.##..#.#
#.# .#.# ... ...
.#.##..#.# #.# )..#
.....#.##.#...รท.#.####.#
...#
#....g@..#####.#......#
#### #.###.#..#
#.....#### ...#..#
#.)#...# # #.###..#
#......# #
...#....#####.#.#..# #
.:. .####
#.#.###.....)...###
#.###.#
#.#...#...#...#....
......
#.##....#.......#.. #....
#.....#.....>.....#


You could see Ijyb.

Vanquished Creatures
  Eustachio (D:5)
  A black bear (D:5)
  An ice beast (D:5)
  4 scorpions
  A hound (D:5)
  A gnoll bouda (D:4)
  2 iguanas (D:5)
  3 orc wizards
  9 gnolls
  2 adders
  3 ufetubi (D:4)
  A worm (D:2)
  2 dart slugs (D:1)
  9 orcs
  11 ball pythons
  6 bats
  5 endoplasms
  5 giant cockroaches
  7 hobgoblins
  8 kobolds
  6 quokkas
  3 frilled lizards (D:1)
  9 goblins
  3 rats
103 creatures vanquished.

Vanquished Creatures (others)
  5 dancing weapons
5 creatures vanquished.

Grand Total: 108 creatures vanquished

Notes
Turn   | Place    | Note
-------+----------+-------------------------------------------
     0 | D:1      | Senryu the Felid Ice Elementalist began the quest for the
                  | Orb.
     0 | D:1      | Reached XP level 1. HP: 7/7 MP: 4/4
   240 | D:1      | Reached XP level 2. HP: 4/11 MP: 4/6
   304 | D:2      | Found a faded altar of an unknown god.
   311 | D:2      | Prayed at the altar of an unknown god.
   311 | D:2      | Became a worshipper of Qazlal Stormbringer
   311 | D:2      | Reached * piety under Qazlal
   391 | D:2      | Reached skill level 4 in Ice Magic
   771 | D:2      | Reached XP level 3. HP: 15/15 MP: 5/7
   775 | D:2      | Learned a level 3 spell: Tukima's Dance
  1596 | D:1      | Found Zyiciq's Magic Scroll Emporium.
  1615 | D:1      | Bought a scroll of identify for 22 gold pieces
  1771 | D:1      | Reached ** piety under Qazlal
  2323 | D:3      | Reached XP level 4. HP: 4/18 MP: 5/8
  2432 | D:3      | Learned a level 3 spell: Frozen Ramparts
  2525 | D:3      | Identified the +9 mace "Yppimid" {venom, rCorr}
  2757 | D:3      | Reached skill level 1 in Fighting
  3019 | D:4      | Reached skill level 1 in Unarmed Combat
  3160 | D:4      | Found a shimmering blue altar of Sif Muna.
  3209 | D:4      | Reached skill level 1 in Hexes
  3332 | D:4      | Reached XP level 5. HP: 22/22 MP: 2/10
  3555 | D:4      | Reached skill level 1 in Invocations
  3805 | D:4      | Found a blossoming altar of Fedhas.
  3817 | D:4      | Gained mutation: You are covered in thick fur. (AC +2)
                  | [Felid growth]
  3817 | D:4      | Reached XP level 6. HP: 5/25 MP: 3/12
  4156 | D:4      | Reached *** piety under Qazlal
  4253 | D:5      | Entered Level 5 of the Dungeon
  4378 | D:5      | Reached XP level 7. HP: 19/29 MP: 3/14
  4517 | D:5      | Found a shadowy altar of Dithmenos.
  4537 | D:5      | Found Banuigedgh's Self-Improvement Boutique.
  4695 | D:5      | Reached skill level 5 in Ice Magic
  4851 | D:5      | Found a staircase to the Ecumenical Temple.
  4902 | D:5      | Noticed Eustachio
  4949 | D:5      | HP: 2/45 [poisoned by a scorpion]
  4951 | D:5      | Succumbed to a scorpion's poison
  4952 | D:5      | Reached XP level 6. HP: -1/39 MP: 1/13
  4996 | D:5      | Found an ancient bone altar of Kikubaaqudgha.
  5004 | D:5      | Noticed an ice beast
  5066 | D:5      | Killed an ice beast
  5117 | D:5      | Slain by Eustachio
  5118 | D:5      | Reached XP level 5. HP: -2/22 MP: 4/12
  5133 | D:5      | Reached XP level 6. HP: 22/26 MP: 7/13
  5307 | D:5      | Killed Eustachio
  5393 | D:5      | Noticed Ijyb
  5396 | D:5      | HP: 1/27 [Ijyb/bolt of acid (16)]
  5398 | D:5      | Killed from afar by Ijyb

Illustrated notes

Levels and vault maps discovered:
D:1:      matt_arrival_diagonals, layout_loops_ring, serial_shops,
          nicolae_shop_trees
D:2:      layout_basic, hellmonk_ecumenical_altar_lost_god
D:3:      layout_loops_ring
D:4:      layout_loops_cross, mainiacjoe_overflow_paths, kennysheep_mini,
          st_stairs_11, hangedman_decor_opposing
D:5:      layout_basic, mainiacjoe_overflow_catwalk_spiral,
          minmay_temple_entry_sparse_star, nicolae_shop_self_help,
          uniq_eustachio, uniq_ijyb

Skill      XL: |  1  2  3  4  5  6  7 |
---------------+----------------------+-----
Stealth        | 3 4 |  4.6
Ice Magic      | 4 5 |  5.4
Dodging        | 3 4 |  4.2
Fighting       | 1 2 |  2.4
Unarmed Combat | 1 2 |  2.2
Hexes          | 1 3 |  3.2
Spellcasting   | 3 4 |  4.7
Invocations    | 2 |  2.1

Action                     |  1- 3 |  4- 6 |  7- 9 || total
---------------------------+-------+-------+-------++-------
  Melee: Unarmed           |    28 |    79 |    13 ||   120
         Bite              |     1 |     9 |     1 ||    11
         Punch             |       |     1 |       ||     1
   Cast: Freeze            |    67 |    54 |    17 ||   138
         Tukima's Dance    |     3 |    10 |     2 ||    15
         Frozen Ramparts   |       |    20 |     5 ||    25
 Invoke: Upheaval          |       |     2 |     1 ||     3
    Use: Scroll            |     4 |     5 |     2 ||    11
         Potion            |     1 |     5 |     4 ||    10
   Stab: Sleeping          |     1 |       |       ||     1
 Armour: Skin              |     3 |    10 |     2 ||    15
  Dodge: Dodged            |    54 |    96 |    36 ||   186
  Block: Other             |     7 |    19 |     4 ||    30
